 Dungeon Crawl Stone Soup version 0.27-a0-1296-g8ece459b43 (webtiles) character file.

Game seed: 1107552597802594753

39 HAL9000 the Sneak (level 3, -1/18 HPs)
             Began as a Vine Stalker Brigand on June 16, 2021.
             Killed by nerve-wracking pain
             ... invoked by Jessica
              (6 damage)
             ... on level 2 of the Dungeon.
             The game lasted 00:01:02 (1034 turns).

HAL9000 the Sneak (Vine Stalker Brigand)            Turns: 1034, Time: 00:01:03

Health: -1/18      AC:  3    Str: 14    XL:     3   Next: 45%
Magic:  0/4        EV: 11    Int: 11    God:
Gold:   97         SH:  0    Dex: 15    Spells: 2/2 levels left

rFire    . . .     SeeInvis .   a - +2 dagger
rCold    . . .     Faith    .   (no shield)
rNeg     . . .     Spirit   +   b - +0 robe
rPois    .         Reflect  .   (no helmet)
rElec    .         Harm     .   c - +0 cloak
rCorr    .         Rampage  .   (no gloves)
Will     .....                  (no boots)
Stlth    +++.......             (no amulet)
HPRegen  0.06/turn              (no ring)
MPRegen  0.09/turn              (no ring)

@: no status effects
A: fangs 2, magic shield, antimagic bite, no potion heal 2
a: no special abilities


You were on level 2 of the Dungeon.
You visited 1 branch of the dungeon, and saw 2 of its levels.

You collected 97 gold pieces.

Inventory:

Hand Weapons
 a - a +2 dagger (weapon)
Missiles
 d - 7 poisoned darts (quivered)
 e - 2 curare-tipped darts
Armour
 b - a +0 robe (worn)
 c - a +0 cloak (worn)
Scrolls
 f - a scroll of identify {unknown}
 h - 4 scrolls of magic mapping {unknown}
 j - a scroll of silence {unknown}
 k - a scroll of teleportation {unknown}
Potions
 g - a potion of brilliance {unknown}
 i - a potion of haste {unknown}


   Skills:
 - Level 1.7 Fighting
 + Level 2.7 Short Blades
 - Level 1.7 Throwing
 - Level 0.7 Dodging
 + Level 5.6 Stealth


You had 2 spell levels left.
You didn't know any spells.
Your spell library was empty.

Dungeon Overview and Level Annotations

Branches:
Dungeon (2/15)

Altars:

Annotations:
D:2 Jessica


Innate Abilities, Weirdness & Mutations

You have extremely sharp teeth.
When hurt, damage is shared between your health and your magic reserves.
Your bite disrupts and absorbs the magic of your enemies.
Potions cannot restore your health.


Message History

Done exploring.
Done exploring.
Done exploring.
Done exploring.
There is an escape hatch in the floor here.
Done exploring.
Done exploring.
Done exploring.
There is a stone staircase leading down here.
Done exploring.
Done exploring.
Done exploring.
You climb downwards.
A giant cockroach comes into view.
There is a stone staircase leading up here.
Unknown command.
A giant cockroach is nearby!
Jessica the Apprentice Sorceress comes into view.
She is wielding a +0 dagger.
The helpless giant cockroach fails to defend itself.
You impale the giant cockroach!!
You kill the giant cockroach!
Jessica points at you and mumbles some strange words.
Pain shoots through your body!
You hit Jessica. You bite Jessica, but do no damage.
Jessica is lightly wounded.
Jessica hits you with a +0 dagger.
You are too injured to fight recklessly!
You are too injured to fight recklessly!
You are too injured to fight recklessly!
Unknown command.
Throw: 8 darts (poison)
Press: ? - help, Q - select action, (/) - cycle Shift-Dir - straight line, f - Jessica
Aim: Jessica, wielding a +0 dagger and wearing a +0 robe (lightly wounded, 57% to hit)
You throw a poisoned dart.
The poisoned dart closely misses Jessica.
Jessica hits you with a +0 dagger.
* * * LOW HITPOINT WARNING * * *
Jessica casts a spell at you. Pain shoots through your body!
You die...

#.# #.# #.#
######<##
#.......#
#.......#
#.......#
#.......###
#.......@.#
#.......#.@..#
#.......####...#
#.......# #.#
#.......# #
#.......#
#########


You could see Jessica.

Vanquished Creatures
  A gnoll (D:1)
  A dart slug (D:1)
  2 endoplasms (D:1)
  3 giant cockroaches
  A goblin (D:1)
  2 hobgoblins (D:1)
  4 ball pythons (D:1)
  3 bats (D:1)
  A frilled lizard (D:1)
  6 kobolds (D:1)
  3 rats (D:1)
27 creatures vanquished.

Notes
Turn   | Place    | Note
-------+----------+-------------------------------------------
     0 | D:1      | HAL9000 the Vine Stalker Brigand began the quest for the
                  | Orb.
     0 | D:1      | Reached XP level 1. HP: 11/11 MP: 2/2
   139 | D:1      | Reached XP level 2. HP: 13/15 MP: 3/3
   305 | D:1      | Found a faded altar of an unknown god.
   327 | D:1      | Reached skill level 5 in Stealth
   429 | D:1      | Reached XP level 3. HP: 18/18 MP: 2/4
  1024 | D:2      | Noticed Jessica
  1034 | D:2      | Killed from afar by Jessica

Illustrated notes

Levels and vault maps discovered:
D:1:      lemuel_arrival_broad_hall, layout_loops_ring,
          ebering_ecumenical_altar_ruins, nrook_mini_vaults,
          kennysheep_nondescript
D:2:      layout_rooms, basic_altar, minmay_tromino_v2, uniq_jessica

Skill      XL: |  1  2 |
---------------+-------+-----
Short Blades   | 2 |  2.7
Stealth        | 5 |  5.6
Fighting       | |  1.7
Throwing       | |  1.7
Dodging        | |  0.7

Action                   || total
-------------------------++-------
Melee: Dagger            ||    51
       Bite              ||    12
Throw: Dart              ||     1
 Stab: Sleeping          ||    10
Armor: Robe              ||     9
Dodge: Dodged            ||    29

Table legend: (Time is in decaauts)
 A = Elapsed time spent in this place.
 B = Non-inter-level travel time spent in this place.
 C = Inter-level travel time spent in this place.
 D = Time resting spent in this place.
 E = Time spent auto-exploring this place.
 F = Levels seen in this place.
 G = Mean time per level.
                   A        B        C        D        E       F      G
               +--------+--------+--------+--------+--------+-----+--------+
         Total |   1027 |    995 |     32 |      0 |    825 |   2 |  513.5 |
       Dungeon |   1027 |    995 |     32 |      0 |    825 |   2 |  513.5 |
               +--------+--------+--------+--------+--------+-----+--------+

Top non-repeatable levels by time:
     D:1: 1014 daAuts
     D:2: 12 daAuts
